 Dungeon Crawl Stone Soup version 0.31-a0-175-g9f7f995f2b (webtiles) character file.

Game seed: 9923402354279992138

898 qw the Chopper (level 8, -3/48 HPs)
             Began as a Gargoyle Fighter on June 16, 2023.
             Was a Follower of Okawaru.
             Killed by divine providence
             ... invoked by an orc priest
              (10 damage)
             ... on level 6 of the Dungeon.
             The game lasted 00:02:13 (4333 turns).

qw the Chopper (Gargoyle Fighter)                   Turns: 4333, Time: 00:02:14

Health: -3/48      AC: 13    Str: 23    XL:     8   Next: 7%
Magic:  7/10       EV: 11    Int:  8    God:    Okawaru [*.....]
Gold:   289        SH:  5    Dex:  9    Spells: 7/7 levels left

rFire   . . .        Y - +0 war axe
rCold   . . .        c - +0 buckler
rNeg    + . .        b - +0 scale mail
rPois   inf          (no helmet)
rElec   +            (no cloak)
rCorr   .            (no gloves)
SInv    .            (no boots)
Will    .....        (no amulet)
Stlth   +            (no ring)
HPRegen 0.28/turn    (no ring)
MPRegen 0.12/turn

%: no passive effects
@: heroic
A: sickness immunity, AC +5, negative energy resistance 1, electricity
resistance, torment resistance 1, petrification resistance
a: Renounce Religion, Heroism


You were on level 6 of the Dungeon.
You worshipped Okawaru.
Okawaru was aware of your devotion.
You visited 1 branch of the dungeon, and saw 6 of its levels.

You collected 289 gold pieces.


Innate Abilities, Weirdness & Mutations

You are immune to sickness and miasma.
Your stone body is resilient. (AC +5)
You are immune to poison.
You resist negative energy. (rN+)
You are resistant to electric shocks. (rElec)
You are resistant to unholy torment.
You are immune to petrification.


   Skills:
 + Level 4.8(9.8) Fighting
 - Level 7.0(12.0) Axes
 - Level 3.2(8.2) Armour
 - Level 1.1(6.1) Dodging
 - Level 3.2(8.2) Shields
 + Level 3.2 Invocations


You had 7 spell levels left.
You didn't know any spells.
Your spell library was empty.

Inventory:

Hand Weapons
 m - the +9 flail of Ubluep {drain, rElec rC- rCorr Dex+8}
   (You found it on level 4 of the Dungeon)

   Dex:       It affects your dexterity (+8).
   rC:        It makes you vulnerable to cold.
   rElec:     It insulates you from electricity.
   rCorr:     It protects you from acid and corrosion.
 q - a +0 morningstar
 Y - a +0 war axe (weapon)
Armour
 b - a +0 scale mail (worn)
 c - a +0 buckler (worn)
Jewellery
 l - a ring of fire
Scrolls
 g - a scroll of identify
Potions
 a - a potion of haste
 d - a potion of might
 h - a potion of attraction {unknown}
 j - a potion of curing {unknown}
 k - a potion of lignification {unknown}
 n - a potion of brilliance {unknown}
 o - a potion of magic {unknown}
 p - a potion of mutation {unknown}

Dungeon Overview and Level Annotations

Branches:
Dungeon (6/15)
 Temple: D:4-7

Altars:
Dithmenos
Nemelex Xobeh
Okawaru
Uskayaw
Zin
The Shining One

Annotations:
D:4 2 runed translucent doors


Message History

The ogre closely misses you. The orc priest barely misses you.
The orc priest looks satisfied for a moment.
You slash the ogre!
The ogre is almost dead.
You hit the orc warrior but do no damage.
You slash the orc priest!
The orc priest hits you with a +0 hand axe.
The ogre hits you with a +0 giant club!!
Ouch! That really hurt!
You hit the orc priest.
You kill the orc priest!
Okawaru accepts your kill.
You slash the adder!
You kill the adder!
Okawaru accepts your kill.
You hit the orc warrior but do no damage.
You hit the ogre. The orc warrior barely misses you.
You slash the ogre!
You kill the ogre!
Okawaru accepts your kill.
You slash the orc!
You kill the orc!
Okawaru accepts your kill.
You slash the orc priest! You hit the orc warrior.
The orc priest invokes the aid of Beogh against you.
Beogh smites you! You block the orc warrior's attack.
Your Invocations skill increases to level 3!
You have reached level 8!
You feel stronger.
You barely miss the orc priest.
The orc priest is severely wounded.
You closely miss the iguana. You barely miss the orc warrior.
You block the orc priest's attack. The iguana barely misses you.
The orc warrior hits you with a +0 hand axe.
You barely miss the orc priest.
The orc priest is severely wounded.
You closely miss the orc warrior. You slash the iguana!
The orc priest calls down the wrath of Beogh upon you.
Beogh smites you!
You die...

#. #...# #.}
#.<.#
#...#...#
#.#.#...#####
............#
......8...<.#
......lo)...#
#.o@# #...#
#.<.# #...#
#####


You could see an orc warrior, an iguana and an orc priest.

Vanquished Creatures
  3 ogres
  2 centaurs (D:4)
  A scorpion (D:5)
  3 hounds
  An orc priest (D:6)
  A sleepcap (D:5)
  2 iguanas
  An orc wizard (D:4)
  A mummy (D:4)
  8 adders
  An ufetubus (D:5)
  4 worms
  2 dart slugs (D:3)
  6 orcs
  6 ball pythons
  8 endoplasms
  A giant cockroach (D:1)
  4 goblins
  5 hobgoblins
  7 jackals (D:1)
  6 kobolds
  2 quokkas
  4 bats
  4 frilled lizards
  A hobgoblin zombie (D:4)
  An orc zombie (D:4)
  7 rats
92 creatures vanquished.

Vanquished Creatures (others)
  An orc wizard (D:4)
1 creature vanquished.

Grand Total: 93 creatures vanquished

Notes
Turn   | Place    | Note
-------+----------+-------------------------------------------
     0 | D:1      | qw the Gargoyle Fighter began the quest for the Orb.
     0 | D:1      | Reached XP level 1. HP: 14/14 MP: 1/1
     0 | D:1      | 0 ||| qw: Version: 0.2-a-29-g511e9b1
     0 | D:1      | 0 ||| qw: Game counter: 85
     0 | D:1      | 0 ||| qw: Always use a shield: true
     0 | D:1      | 0 ||| qw: God list: Okawaru
     0 | D:1      | 0 ||| qw: Allow faded altars: false
     0 | D:1      | 0 ||| qw: Do Orc after D:15 true
     0 | D:1      | 0 ||| qw: Do second Lair branch before Depths: true
     0 | D:1      | 0 ||| qw: Lair rune preference: random
     0 | D:1      | 0 ||| qw: Plans: Normal, Zot:1-4, Slime:5, God:TSO, Crypt,
                  | Tomb, Abyss, Pan, Hells, Win
     0 | D:1      | 0 ||| PLANNING D:1-11
     8 | D:1      | 8 ||| Stepping ~*~*~tactically~*~*~ (stealth).
    18 | D:1      | Reached skill level 2 in Axes
    31 | D:1      | 31 ||| FLEEEEING.
    45 | D:1      | 45 ||| Stepping ~*~*~tactically~*~*~ (stealth).
    59 | D:1      | Reached XP level 2. HP: 19/19 MP: 2/2
   270 | D:1      | Reached skill level 3 in Axes
   284 | D:1      | Reached XP level 3. HP: 23/23 MP: 3/3
   675 | D:1      | 675 ||| READING scroll labelled GELOTU KIOH.
   676 | D:1      | 676 ||| READING scroll labelled DUNOMID OQOCA.
   733 | D:2      | 733 ||| Stepping ~*~*~tactically~*~*~ (stealth).
   743 | D:2      | Found an iron altar of Okawaru.
   744 | D:2      | 744 ||| PLANNING OKAWARU WORSHIP
   751 | D:2      | Became a worshipper of Warmaster Okawaru
   752 | D:2      | 752 ||| PLANNING D:1-11
   977 | D:2      | Found a faded altar of an unknown god.
   984 | D:2      | 984 ||| Stepping ~*~*~tactically~*~*~ (stealth).
   994 | D:2      | 994 ||| FLEEEEING.
   995 | D:2      | 995 ||| FLEEEEING.
  1069 | D:2      | 1069 ||| Stepping ~*~*~tactically~*~*~ (hiding).
  1070 | D:2      | 1070 ||| Stepping ~*~*~tactically~*~*~ (hiding).
  1124 | D:2      | 1124 ||| Stepping ~*~*~tactically~*~*~ (stealth).
  1180 | D:2      | Reached XP level 4. HP: 28/28 MP: 4/4
  1504 | D:3      | 1504 ||| Stepping ~*~*~tactically~*~*~ (stealth).
  1690 | D:3      | 1690 ||| Stepping ~*~*~tactically~*~*~ (stealth).
  1696 | D:3      | Reached skill level 4 in Axes
  1890 | D:3      | 1890 ||| Stepping ~*~*~tactically~*~*~ (stealth).
  1892 | D:3      | 1892 ||| Stepping ~*~*~tactically~*~*~ (stealth).
  1901 | D:3      | Reached XP level 5. HP: 32/32 MP: 5/5
  2161 | D:3      | 2161 ||| READING scroll labelled XUSUT DADESOISK.
  2162 | D:3      | 2162 ||| READING 2 scrolls of identify.
  2162 | D:3      | 2162 ||| IDENTIFYING bubbling brown potion
  2163 | D:3      | 2163 ||| DROPPING potion of berserk rage.
  2185 | D:4      | 2185 ||| PLANNING OSSUARY
  2324 | D:4      | Noticed a centaur
  2324 | D:4      | Noticed a centaur
  2332 | D:4      | HP: 7/32 [centaur (4)]
  2333 | D:4      | Killed a centaur
  2333 | D:4      | Reached * piety under Okawaru
  2334 | D:4      | Reached skill level 5 in Axes
  2334 | D:4      | 2334 ||| INVOKING Heroism.
  2335 | D:4      | Killed a centaur
  2336 | D:4      | Reached XP level 6. HP: 10/38 MP: 3/6
  2462 | D:4      | Found a large runed translucent door.
  2462 | D:4      | Found a large runed translucent door.
  2559 | D:4      | 2559 ||| Stepping ~*~*~tactically~*~*~ (hiding).
  2560 | D:4      | 2560 ||| Stepping ~*~*~tactically~*~*~ (hiding).
  2561 | D:4      | 2561 ||| INVOKING Heroism.
  2568 | D:4      | 2568 ||| INVOKING Heroism.
  2595 | D:4      | 2595 ||| FLEEEEING.
  2596 | D:4      | 2596 ||| FLEEEEING.
  2597 | D:4      | 2597 ||| FLEEEEING.
  2598 | D:4      | 2598 ||| FLEEEEING.
  2605 | D:4      | 2605 ||| FLEEEEING.
  2606 | D:4      | 2606 ||| FLEEEEING.
  2607 | D:4      | 2607 ||| FLEEEEING.
  2608 | D:4      | 2608 ||| FLEEEEING.
  2611 | D:4      | 2611 ||| FLEEEEING.
  2612 | D:4      | 2612 ||| FLEEEEING.
  2613 | D:4      | 2613 ||| FLEEEEING.
  2614 | D:4      | 2614 ||| FLEEEEING.
  2615 | D:4      | 2615 ||| FLEEEEING.
  2617 | D:4      | 2617 ||| FLEEEEING.
  2618 | D:4      | 2618 ||| FLEEEEING.
  2629 | D:4      | Reached skill level 1 in Dodging
  2629 | D:4      | 2629 ||| INVOKING Heroism.
  2740 | D:4      | Found a sparkling altar of Nemelex Xobeh.
  2751 | D:4      | Found a glowing golden altar of the Shining One.
  2816 | D:4      | 2816 ||| RIP OSSUARY
  2826 | D:4      | 2826 ||| PLANNING D:1-11
  2979 | D:4      | Identified the +9 flail of Ubluep {drain, rElec rC- rCorr
                  | Dex+8}
  3335 | D:4      | Found a glowing silver altar of Zin.
  3452 | D:4      | 3452 ||| READING 2 scrolls of identify.
  3452 | D:4      | 3452 ||| IDENTIFYING viscous green potion
  3499 | D:5      | Entered Level 5 of the Dungeon
  3520 | D:5      | 3520 ||| FLEEEEING.
  3521 | D:5      | 3521 ||| FLEEEEING.
  3522 | D:5      | 3522 ||| FLEEEEING.
  3524 | D:5      | 3524 ||| STAIRDANCE
  3528 | D:5      | 3528 ||| STAIRDANCE
  3532 | D:4      | 3532 ||| INVOKING Heroism.
  3629 | D:5      | 3629 ||| STAIRDANCE
  3633 | D:5      | 3633 ||| STAIRDANCE
  3637 | D:5      | 3637 ||| STAIRDANCE
  3641 | D:5      | 3641 ||| STAIRDANCE
  3645 | D:5      | 3645 ||| STAIRDANCE
  3649 | D:5      | 3649 ||| STAIRDANCE
  3653 | D:5      | 3653 ||| STAIRDANCE
  3657 | D:5      | 3657 ||| STAIRDANCE
  3661 | D:5      | 3661 ||| STAIRDANCE
  3665 | D:5      | 3665 ||| STAIRDANCE
  3669 | D:5      | 3669 ||| STAIRDANCE
  3673 | D:5      | 3673 ||| STAIRDANCE
  3677 | D:5      | 3677 ||| STAIRDANCE
  3681 | D:5      | 3681 ||| STAIRDANCE
  3685 | D:5      | 3685 ||| STAIRDANCE
  3689 | D:5      | 3689 ||| STAIRDANCE
  3693 | D:5      | 3693 ||| STAIRDANCE
  3697 | D:5      | 3697 ||| STAIRDANCE
  3705 | D:5      | 3705 ||| FLEEEEING.
  3706 | D:5      | 3706 ||| FLEEEEING.
  3707 | D:5      | 3707 ||| FLEEEEING.
  3708 | D:5      | 3708 ||| FLEEEEING.
  3715 | D:5      | Reached skill level 6 in Axes
  3715 | D:5      | Reached XP level 7. HP: 41/43 MP: 7/7
  3734 | D:5      | 3734 ||| INVOKING Heroism.
  3778 | D:5      | 3778 ||| Stepping ~*~*~tactically~*~*~ (stealth).
  3790 | D:5      | Reached skill level 1 in Invocations
  3797 | D:5      | Found a hide-covered altar of Uskayaw.
  3828 | D:5      | 3828 ||| INVOKING Heroism.
  3829 | D:5      | 3829 ||| INVOKING Heroism.
  3854 | D:5      | 3854 ||| Stepping ~*~*~tactically~*~*~ (stealth).
  3864 | D:5      | 3864 ||| Stepping ~*~*~tactically~*~*~ (stealth).
  3865 | D:5      | 3865 ||| Stepping ~*~*~tactically~*~*~ (stealth).
  3877 | D:5      | 3877 ||| Stepping ~*~*~tactically~*~*~ (stealth).
  3914 | D:5      | 3914 ||| Stepping ~*~*~tactically~*~*~ (stealth).
  3964 | D:5      | 3964 ||| Stepping ~*~*~tactically~*~*~ (stealth).
  3978 | D:5      | 3978 ||| INVOKING Heroism.
  4067 | D:5      | Found a shadowy altar of Dithmenos.
  4181 | D:5      | Reached skill level 7 in Axes
  4205 | D:5      | 4205 ||| DROPPING +0 mace.
  4299 | D:5      | 4299 ||| DRINKING 2 glowing brown potions.
  4300 | D:5      | 4300 ||| READING 2 scrolls of identify.
  4300 | D:5      | 4300 ||| IDENTIFYING sedimented yellow potion
  4301 | D:5      | 4301 ||| DROPPING potion of enlightenment.
  4302 | D:5      | 4302 ||| DROPPING potion of invisibility.
  4324 | D:6      | 4324 ||| INVOKING Heroism.
  4331 | D:6      | HP: 8/44 [orc priest/divine providence (13)]
  4332 | D:6      | Reached skill level 3 in Invocations
  4332 | D:6      | Reached XP level 8. HP: 8/48 MP: 6/10
  4333 | D:6      | Killed from afar by an orc priest

Levels and vault maps discovered:
D:1:      minmay_arrival_shoal_huts, layout_loops_ring
D:2:      layout_loops_ring, ebering_ecumenical_altar_box, basic_altar
D:3:      layout_rooms, amcnicky_mini_pool_small, minmay_quadrilaterals
D:4:      layout_loops_corners, nicolae_overflow_hidden_temple,
          jmf_multi_god_temple2, nicolae_overflow_squiral,
          nicolae_ossuary_entry_giza, chequers_serial_rivers_small_b,
          hangedman_decor_peaks_small, hangedman_decor_points,
          hangedman_abyss_or_decor_stagger, minmay_manual_mares
D:5:      layout_rooms, mainiacjoe_overflow_paths,
          nicolae_uskayaw_murder_on_the_dancefloor
D:6:      layout_rooms, nzn_wu_jian_contemplation, nicolae_elevator_lobby_plus,
          uniq_grinder

Skill      XL: |  1  2  3  4  5  6  7 |
---------------+----------------------+-----
Axes           | 2 3 4 5 6 7 |  7.0
Fighting       | 4 |  4.8
Dodging        | 1 |  1.1
Invocations    | 3 |  3.2
Armour         | |  3.2
Shields        | |  3.2

Action                     |  1- 3 |  4- 6 |  7- 9 || total
---------------------------+-------+-------+-------++-------
  Melee: War axe           |    87 |   159 |    48 ||   294
 Invoke: Heroism           |       |     4 |     4 ||     8
    Use: Scroll            |     2 |     3 |     1 ||     6
         Potion            |       |       |     1 ||     1
 Armour: Scale mail        |    41 |   119 |    10 ||   170
  Dodge: Dodged            |    19 |    76 |    19 ||   114
  Block: Buckler           |    15 |    33 |    10 ||    58

Table legend:
 A = Non-vault XP
 B = Vault XP
 C = Vault XP percentage of total XP
 D = Non-vault monster count
 E = Vault monster count
 F = Vault count percentage of total count
                 A         B        C        D         E       F
            +---------+---------+-------+---------+---------+-------
      Total |    1009 |     275 |  21.4 |      82 |      11 |  11.8
            +---------+---------+-------+---------+---------+-------
        D:1 |      43 |       0 |   0.0 |      24 |       0 |   0.0
        D:2 |      42 |       0 |   0.0 |      16 |       0 |   0.0
        D:3 |      84 |      28 |  25.0 |      16 |       6 |  27.3
        D:4 |     157 |     247 |  61.1 |      12 |       5 |  29.4
        D:5 |     503 |       0 |   0.0 |       9 |       0 |   0.0
        D:6 |     180 |       0 |   0.0 |       5 |       0 |   0.0
            +---------+---------+-------+---------+---------+-------
